 Dungeon Crawl Stone Soup version 0.23.0-3-gf3c87f2df8 (webtiles) character file.

Game seed: 297020167587361120

733 PikkenKukken the Sneak (level 7, 0/47 HPs)
             Began as an Octopode Assassin on Feb 23, 2019.
             Was a Follower of Cheibriados.
             Slain by an orc warrior
             ... wielding a +0 flail
              (11 damage)
             ... on level 6 of the Dungeon.
             The game lasted 00:15:30 (6039 turns).

PikkenKukken the Sneak (Octopode Assassin)          Turns: 6039, Time: 00:15:30

Health: 0/47       AC:  3    Str: 14    XL:     7   Next: 74%
Magic:  8/8        EV: 15    Int: 16    God:    Cheibriados [*.....]
Gold:   69         SH:  0    Dex: 18    Spells: 4/6 levels left

rFire    . . .     SeeInvis .   a - +2 dagger (elec)
rCold    . . .     Gourm    .   (no shield)
rNeg     . . .     Faith    .   u - +0 hat {MR+}
rPois    .         Spirit   .   (no amulet)
rElec    .         Reflect  .   o - ring of flight
rCorr    .         Harm     .   (no ring)
MR       +....                  (no ring)
Stlth    +++++.....             (no ring)
HPRegen  0.15/turn              (no ring)
MPRegen  0.11/turn              (no ring)
                                (no ring)
                                (no ring)

@: very slow
A: almost no armour, stealthy swim, amphibious, 8 rings, constrict 8, molten
scales 1, camouflage 1, gelatinous body 1, evolution 1
a: Bend Time, Renounce Religion, Evoke Flight


You were on level 6 of the Dungeon.
You worshipped Cheibriados.
Cheibriados was aware of your devotion.
You were not hungry.

You visited 1 branch of the dungeon, and saw 6 of its levels.

You collected 244 gold pieces.
You spent 175 gold pieces at shops.

Inventory:

Hand Weapons
 a - a +2 dagger of electrocution (weapon)
 b - a +0 blowgun
 p - a +2 dagger of holy wrath
Missiles
 c - 7 poisoned needles
 d - 2 curare-tipped needles
 k - 2 tomahawks
 m - 6 javelins of returning (quivered)
 r - 4 javelins
Armour
 u - a +0 hat of magic resistance (worn)
Jewellery
 o - a ring of flight (left tentacle)
Scrolls
 e - a scroll of blinking
 h - 4 scrolls of identify
 i - 6 scrolls of teleportation
 s - 2 scrolls of magic mapping
 t - 5 scrolls of remove curse
Potions
 g - a potion of might
 j - 2 potions of lignification {unknown}
 l - a potion of mutation
 n - 2 potions of curing {unknown}
 q - a potion of flight {unknown}
Comestibles
 f - 8 rations


   Skills:
 + Level 3.7 Fighting
 + Level 3.5 Short Blades
 * Level 4.9 Throwing
 + Level 3.1 Dodging
 + Level 6.9 Stealth
 + Level 2.6 Invocations


You had 4 spell levels left.
You knew the following spells:

 Your Spells              Type           Power        Failure   Level  Hunger
a - Ensorcelled Hibernat  Hex/Ice        #.....       36%         2    ###....

Your spell library contained the following spells:

 Spells                   Type           Power        Failure   Level  Hunger
 Corona                   Hex            #......      26%         1    ##.....
 Confuse                  Hex            #.......     58%         3    ####...
 Dazzling Spray           Conj/Hex       #.....       58%         3    ####...
 Tukima's Dance           Hex            #.......     58%         3    ####...


Dungeon Overview and Level Annotations

Branches:
Dungeon (6/15)             Temple (0/1) D:5

Altars:
Cheibriados
Nemelex Xobeh
Sif Muna
Uskayaw

Shops:
D:6 [


Innate Abilities, Weirdness & Mutations

You cannot wear most types of armour.
You are very stealthy in the water. (Stealth+)
You are amphibious.
You can wear up to eight rings at the same time.
You can use your tentacles to constrict eight enemies at once.
Your skin changes colour to match your surroundings (Stealth+).
Your rubbery body absorbs attacks. (AC +1, EV +1)
You are partially covered in molten scales. (AC +2)
You evolve.


Message History

You barely miss the orc warrior. You grab the orc warrior.
You squeeze the orc warrior, but do no damage.
The orc warrior is moderately wounded.
You constrict the orc warrior, but do no damage.
You hit the orc warrior.
The orc warrior is moderately wounded.
You constrict the orc warrior. The orc warrior barely misses you.
You hit the orc warrior but do no damage.
The orc warrior is heavily wounded.
You constrict the orc warrior, but do no damage.
The orc warrior barely misses you.
You hit the orc warrior but do no damage.
You squeeze the orc warrior, but do no damage.
The orc warrior is heavily wounded.
You constrict the orc warrior.
You hit the orc warrior but do no damage.
The orc warrior is heavily wounded.
You constrict the orc warrior, but do no damage.
The orc warrior hits you with a +0 flail!
You die...

#.......... #.........
#.:....(.### #.....(..#<.
#.....(..'.. #........#
#...o....#.......
#...@....#.......
#........#.......
#...(....'.......
#........#......# #######
###'######...a..# ......#
#..(............. .<....#
#.⌠.⌠..<.........
......########.∩.............
......#..[..##⌠.⌠............


You could see an orc warrior.

Vanquished Creatures
  A water moccasin (D:5)
  A necrophage (D:3)
  A crimson imp (D:6)
  A centaur zombie (D:5)
  2 orc priests
  2 hounds
  3 orc wizards
  A centaur skeleton (D:5)
  5 worker ants
  A gnoll (D:4)
  2 adders
  2 oozes
  4 leopard geckos
  8 orcs
  2 giant cockroaches
  10 goblins
  7 hobgoblins
  12 jackals
  4 kobolds
  A quokka (D:3)
  2 ball pythons
  7 bats
  6 frilled lizards
  10 rats
95 creatures vanquished.

Notes
Turn   | Place    | Note
-------+----------+-------------------------------------------
     0 | D:1      | PikkenKukken the Octopode Assassin began the quest for the
                  | Orb.
     0 | D:1      | Reached XP level 1. HP: 14/14 MP: 1/1
   444 | D:1      | Reached XP level 2. HP: 13/19 MP: 2/2
  1203 | D:1      | Reached XP level 3. HP: 13/24 MP: 3/3
  1756 | D:2      | Found a faded altar of an unknown god.
  1935 | D:2      | Gained mutation: You evolve. [potion of mutation]
  1935 | D:2      | Gained mutation: You are partially covered in molten
                  | scales. (AC +2) [potion of mutation]
  2317 | D:3      | Reached XP level 4. HP: 30/30 MP: 4/4
  2828 | D:3      | Found a hide-covered altar of Uskayaw.
  2828 | D:3      | Found a snail-covered altar of Cheibriados.
  2831 | D:3      | Became a worshipper of Cheibriados the Contemplative
  2915 | D:3      | Noticed a necrophage
  2925 | D:3      | Killed a necrophage
  2925 | D:3      | Reached skill level 6 in Stealth
  2925 | D:3      | Reached skill level 1 in Invocations
  2925 | D:3      | Reached XP level 5. HP: 27/36 MP: 5/5
  3329 | D:4      | Reached XP level 6. HP: 34/42 MP: 5/7
  3786 | D:4      | Reached * piety under Cheibriados
  4349 | D:5      | Entered Level 5 of the Dungeon
  4455 | D:5      | Reached XP level 7. HP: 42/46 MP: 8/8
  4478 | D:5      | Learned a level 2 spell: Ensorcelled Hibernation
  4535 | D:5      | Found a sparkling altar of Nemelex Xobeh.
  4620 | D:5      | Found a staircase to the Ecumenical Temple.
  5261 | D:5      | Found a deep blue altar of Sif Muna.
  5402 | D:6      | Found Viom's Antique Armour Shop.
  5527 | D:6      | Bought an embroidered hat for 175 gold pieces
  6039 | D:6      | Slain by an orc warrior

Skill      XL: |  1  2  3  4  5  6  7 |
---------------+----------------------+-----
Throwing       | 3 4 |  4.9
Dodging        | 2 3 |  3.1
Stealth        | 6 |  6.9
Invocations    | 1 2 |  2.6
Fighting       | 3 |  3.7
Short Blades   | 3 |  3.5

Action                   |  1- 3 |  4- 6 |  7- 9 || total
-------------------------+-------+-------+-------++-------
Melee: Dagger            |    77 |    97 |    28 ||   202
       Constrict         |    18 |    26 |     4 ||    48
       Tentacles         |    11 |    15 |     9 ||    35
 Fire: Blowgun           |    16 |    31 |    26 ||    73
Throw: Tomahawk          |       |     6 |     1 ||     7
       Javelin           |       |     3 |    18 ||    21
  Use: Scroll            |     6 |     4 |       ||    10
       Potion            |     1 |       |     1 ||     2
 Stab: Sleeping          |     8 |     3 |       ||    11
       Distracted        |     1 |     1 |       ||     2
  Eat: Chunk             |     4 |     6 |     2 ||    12
Armor: Skin              |    11 |    17 |     5 ||    33
Dodge: Dodged            |    40 |    50 |    20 ||   110
